 Dungeon Crawl Stone Soup version 0.31-a0-236-g9a0961fb85 (webtiles) character file.

Game seed: 6971580712306975344

59 Nietzsche the Sneak (level 3, -4/27 HPs)
             Began as a Vampire Brigand on July 10, 2023.
             Slain by a gnoll
             ... wielding a +0 club
              (6 damage)
             ... on level 2 of the Dungeon on July 11, 2023.
             The game lasted 00:05:23 (1302 turns).

Nietzsche the Sneak (Vampire Brigand)               Turns: 1302, Time: 00:05:24

Health: -4/27      AC:  3    Str: 10    XL:     3   Next: 78%
Magic:  4/4        EV: 12    Int: 15    God:
Gold:   72         SH:  0    Dex: 15    Spells: 4/4 levels left

rFire   . . .        i - +3 short sword
rCold   . . .        (no shield)
rNeg    . . .        b - +0 robe
rPois   .            (no helmet)
rElec   .            c - +0 cloak
rCorr   .            (no gloves)
SInv    +            (no boots)
Will    .....        (no amulet)
Stlth   +++          (no ring)
HPRegen 0.44/turn    (no ring)
MPRegen 0.09/turn

%: no passive effects
@: healing quickly
A: alive, fangs 3, see invisible, vampiric 2
a: Exsanguinate


You were on level 2 of the Dungeon.
You visited 1 branch of the dungeon, and saw 2 of its levels.

You collected 72 gold pieces.

Inventory:

Hand Weapons
 a - a +2 dagger
 i - a +3 short sword (weapon)
 r - a +0 long sword
 u - a +1 short sword
 w - a +0 falchion
Missiles
 d - 9 poisoned darts (quivered)
 e - 3 curare-tipped darts
Armour
 b - a +0 robe (worn)
 c - a +0 cloak (worn)
Magical Staves
 l - a staff of conjuration
Scrolls
 j - a scroll of blinking {unknown}
 k - 2 scrolls of noise
 m - a scroll of amnesia {unknown}
 o - a scroll of summoning {unknown}
 s - a scroll of enchant armour {unknown}
 t - a scroll of revelation {unknown}
 v - a scroll of identify
Potions
 f - a potion of curing
 g - a potion of brilliance {unknown}
 h - a potion of enlightenment {unknown}
 n - a potion of degeneration {unknown}
 p - a potion of haste
 q - a potion of lignification {unknown}


   Skills:
 + Level 2.0 Fighting
 + Level 2.7 Short Blades
 - Level 1.5 Throwing
 + Level 1.6 Dodging
 + Level 7.0 Stealth
 * Level 1.2 Spellcasting


You had 4 spell levels left.
You didn't know any spells.
Your spell library contained the following spells:

 Spells                   Type           Power      Damage    Failure   Level
 Cigotuvi's Dreadful Rot  Necr/Pois/Air  0%         N/A       36%         2
 Dispel Undead            Necr           0%         3d6       94%         4
 Death Channel            Necr           0%         N/A       100%        6


Dungeon Overview and Level Annotations

Branches:
Dungeon (2/15)

Altars:


Innate Abilities, Weirdness & Mutations

Your natural rate of healing is accelerated.
You have razor-sharp teeth.
You have supernaturally acute eyesight. (SInv)
You are afflicted with vampirism and can become a bat while bloodless.


Message History

The hobgoblin barely misses you.
You hit the hobgoblin.
The hobgoblin is heavily wounded.
The hobgoblin closely misses you.
You hit the hobgoblin.
The hobgoblin is severely wounded.
The hobgoblin hits you but does no damage.
You hit the hobgoblin.
You kill the hobgoblin!
You puncture the rat!
You kill the rat!
A hobgoblin comes into view.
The hobgoblin shouts!
A frilled lizard comes into view.
Found 12 gold pieces.
The gnoll misses you.
The gnoll shouts!
You hit the gnoll.
The gnoll is lightly wounded.
The gnoll hits you with a +0 flail of protection!
You barely miss the gnoll.
The gnoll is lightly wounded.
The hobgoblin attacks as you move away! The hobgoblin hits you.
You closely miss the hobgoblin. The hobgoblin misses you.
You hit the hobgoblin.
You kill the hobgoblin!
You closely miss the gnoll. You punch the gnoll.
The gnoll is moderately wounded.
The gnoll hits you with a +0 club.
You hit the gnoll.
The gnoll is heavily wounded.
The gnoll hits you with a +0 club.
You barely miss the gnoll.
The gnoll is heavily wounded.
The gnoll hits you with a +0 club!
* * * LOW HITPOINT WARNING * * *
You hit the gnoll.
The gnoll is severely wounded.
The gnoll hits you with a +0 club.
You die...

### #.l ##### #.# #...#
#.# #.#.# #.#
#########.#.######.#####$#
................@gg.......
.###.######.######.#.#.#.
.###....#...# #...g..#
.....†..#.#.. #...g.....
........#.#...#...........
........# #...#...........
........# ..<.#...........
........#######......####.
.............##.#'####


You could see 2 gnolls.

Vanquished Creatures
  A gnoll (D:2)
  A dart slug (D:1)
  2 ball pythons
  7 endoplasms
  4 goblins
  7 hobgoblins
  7 jackals
  3 kobolds
  2 bats
  3 frilled lizards
  4 rats
41 creatures vanquished.

Notes
Turn   | Place    | Note
-------+----------+-------------------------------------------
     0 | D:1      | Nietzsche the Vampire Brigand began the quest for the Orb.
     0 | D:1      | Reached XP level 1. HP: 16/16 MP: 1/1
    51 | D:1      | Reached skill level 6 in Stealth
   203 | D:1      | Reached XP level 2. HP: 18/22 MP: 2/2
   609 | D:1      | Gained mutation: You are afflicted with vampirism and can
                  | become a bat while bloodless. [Vampire growth]
   609 | D:1      | Reached XP level 3. HP: 15/27 MP: 4/4
  1006 | D:2      | Found a faded altar of an unknown god.
  1106 | D:2      | Reached skill level 1 in Spellcasting
  1145 | D:2      | Reached skill level 7 in Stealth
  1301 | D:2      | HP: 1/27 [gnoll/+0 club (9)]
  1302 | D:2      | Slain by a gnoll

Illustrated notes

Levels and vault maps discovered:
D:1:      dpeg_arrival_arbitrary_c, layout_loops_cross
D:2:      layout_basic, hellmonk_ecumenical_altar_crossroads

Skill      XL: |  1  2  3 |
---------------+----------+-----
Stealth        | 6 7 |  7.0
Spellcasting   | 1 |  1.2
Fighting       | 2 |  2.0
Short Blades   | |  2.7
Throwing       | |  1.5
Dodging        | |  1.6

Action                     || total
---------------------------++-------
  Melee: Dagger            ||    85
         Bite              ||    12
         Short sword       ||    55
         Punch             ||     1
    Use: Scroll            ||     4
         Potion            ||     1
   Stab: Sleeping          ||     7
 Armour: Robe              ||    39
  Dodge: Dodged            ||    91

Table legend: (Time is in decaauts)
 A = Elapsed time spent in this place.
 B = Non-inter-level travel time spent in this place.
 C = Inter-level travel time spent in this place.
 D = Time resting spent in this place.
 E = Time spent auto-exploring this place.
 F = Levels seen in this place.
 G = Mean time per level.
                   A        B        C        D        E       F      G
               +--------+--------+--------+--------+--------+-----+--------+
         Total |   1263 |   1070 |    193 |      0 |    590 |   2 |  631.5 |
       Dungeon |   1263 |   1070 |    193 |      0 |    590 |   2 |  631.5 |
               +--------+--------+--------+--------+--------+-----+--------+

Top non-repeatable levels by time:
     D:1: 884 daAuts
     D:2: 379 daAuts
